PAA
LANNISTER UNITED LIONHEARTS @ NORTHVILLE ECLIPSE
08/22/2028
 
TOP OF THE 1ST
Lannister United Lionhearts batting - Pitching for Northville Eclipse : LHP Zalontae Hillary
Pitching: LHP Zalontae Hillary
Batting: RHB Rob Berry 0-0: Called Strike
0-1: Ball
1-1: SINGLE (Groundball, 34D)
Batting: LHB Steven Mitchell 0-0: Ball
1-0: Grounds into double play, 4-6-3 (Groundball, 4)
Batting: RHB Andrés Escobar 0-0: Ball
1-0: Ball
2-0: SINGLE (Groundball, 56D)
Batting: RHB Carlos Pacheco 0-0: Called Strike
0-1: Ball
Andrés Escobar steals 2nd base
1-1: Ball
2-1: Ground out 5-3 (Groundball, 5)
Top of the 1st over - 0 run(s), 2 hit(s), 0 error(s), 1 left on base; Lannister United 0 - Northville 0
BOTTOM OF THE 1ST
Northville Eclipse batting - Pitching for Lannister United Lionhearts : LHP Won-min Yi
Pitching: LHP Won-min Yi
Batting: RHB Alfonso Grappasonni 0-0: Ball
1-0: Called Strike
1-1: Ball
2-1: Called Strike
2-2: Strikes out swinging
Batting: RHB Dan Hart 0-0: Foul Ball, location: 2F
0-1: Swinging Strike
0-2: Ball
1-2: Strikes out swinging
Batting: RHB Augusto Rocha 0-0: Ball
1-0: Called Strike
1-1: Called Strike
1-2: Strikes out swinging
Bottom of the 1st over - 0 run(s), 0 hit(s), 0 error(s), 0 left on base; Lannister United 0 - Northville 0
TOP OF THE 2ND
Lannister United Lionhearts batting - Pitching for Northville Eclipse : LHP Zalontae Hillary
Batting: SHB Zachary Burriss 0-0: Called Strike
0-1: Foul Ball, location: 2F
0-2: Ball
1-2: Strikes out swinging
Batting: RHB Howard Barton 0-0: Foul Ball, location: 2F
0-1: Ground out 6-3 (Groundball, 6)
Batting: RHB Breanainn Swartwood 0-0: SINGLE (Groundball, 56D)
Batting: RHB Ron Morton 0-0: Called Strike
0-1: Ball
1-1: Foul Ball, location: 2F
1-2: DOUBLE (Line Drive, 89D)
Breanainn Swartwood to third
Runner from 3rd tries for Home, SAFE, no throw
Batting: RHB Arturo Sánchez 0-0: Called Strike
0-1: Fly out, F9 (Line Drive, 9LS)
Top of the 2nd over - 1 run(s), 2 hit(s), 0 error(s), 1 left on base; Lannister United 1 - Northville 0
BOTTOM OF THE 2ND
Northville Eclipse batting - Pitching for Lannister United Lionhearts : LHP Won-min Yi
Batting: RHB Cosmo Bjorkenheim 0-0: SINGLE (Groundball, 6MD)
Batting: LHB Koen van den Bogaert 0-0: Ball
1-0: Ball
2-0: Ball
3-0: Called Strike
3-1: Base on Balls
Cosmo Bjorkenheim to second
Batting: LHB Darrell Woodmansee 0-0: Foul Ball, location: 2F
0-1: Foul Ball, location: 2F
0-2: Strikes out swinging
Batting: RHB John Townsend 0-0: Ball
1-0: Called Strike
1-1: Ball
2-1: Foul Ball, location: 2F
2-2: Ball
3-2: Foul Ball, location: 2F
3-2: Base on Balls
Cosmo Bjorkenheim to third
Koen van den Bogaert to second
Batting: RHB Dave Shaw 0-0: Ball
1-0: Called Strike
1-1: Ball
2-1: Fly out, F7 (Flyball, 7S)
Batting: LHB Octávio Ontiveros 0-0: Ball
1-0: Foul Ball, location: 2F
1-1: Fly out, F7 (Flyball, 7S)
Bottom of the 2nd over - 0 run(s), 1 hit(s), 0 error(s), 3 left on base; Lannister United 1 - Northville 0
TOP OF THE 3RD
Lannister United Lionhearts batting - Pitching for Northville Eclipse : LHP Zalontae Hillary
Batting: RHB Rob Berry 0-0: Ball
1-0: Fly out, F8 (Flyball, 8RS)
Batting: LHB Steven Mitchell 0-0: Swinging Strike
0-1: Ball
1-1: Called Strike
1-2: Strikes out swinging
Batting: RHB Andrés Escobar 0-0: Called Strike
0-1: Called Strike
0-2: Strikes out looking
Top of the 3rd over - 0 run(s), 0 hit(s), 0 error(s), 0 left on base; Lannister United 1 - Northville 0
BOTTOM OF THE 3RD
Northville Eclipse batting - Pitching for Lannister United Lionhearts : LHP Won-min Yi
Batting: RHB Alfonso Grappasonni 0-0: Ball
1-0: Foul Ball, location: 2F
1-1: SINGLE (Groundball, 6D)
Batting: RHB Dan Hart 0-0: Ball
1-0: Called Strike
1-1: Fly out, F8 (Line Drive, 89M)
Batting: RHB Augusto Rocha 0-0: Ball
1-0: Ball
Alfonso Grappasonni steals 2nd base
2-0: Ball
3-0: Called Strike
3-1: SINGLE (Flyball, 8RS)
Alfonso Grappasonni to third
Runner from 3rd tries for Home, SAFE, no throw
Batting: RHB Cosmo Bjorkenheim 0-0: Called Strike
0-1: Foul Ball, location: 2F
0-2: Fielders Choice at 2nd, 5-4 (Groundball, 56)
Batting: LHB Koen van den Bogaert 0-0: Ground out 4-3 (Groundball, 4D)
Bottom of the 3rd over - 1 run(s), 2 hit(s), 0 error(s), 1 left on base; Lannister United 1 - Northville 1
TOP OF THE 4TH
Lannister United Lionhearts batting - Pitching for Northville Eclipse : LHP Zalontae Hillary
Batting: RHB Carlos Pacheco 0-0: Foul Ball, location: 2F
0-1: SINGLE (Groundball, 56S) (infield hit)
Batting: SHB Zachary Burriss 0-0: Grounds into double play, 4-6-3 (Groundball, 4)
Batting: RHB Howard Barton 0-0: Called Strike
0-1: Swinging Strike
0-2: Ball
1-2: Foul Ball, location: 2F
1-2: Strikes out swinging
Top of the 4th over - 0 run(s), 1 hit(s), 0 error(s), 0 left on base; Lannister United 1 - Northville 1
BOTTOM OF THE 4TH
Northville Eclipse batting - Pitching for Lannister United Lionhearts : LHP Won-min Yi
Batting: LHB Darrell Woodmansee 0-0: Ground out 4-3 (Groundball, 34D)
Batting: RHB John Townsend 0-0: Foul Ball, location: 2F
0-1: Swinging Strike
0-2: SINGLE (Groundball, 6M) (infield hit)
Batting: RHB Dave Shaw 0-0: Ball
1-0: Ball
2-0: Ball
3-0: Called Strike
3-1: Fly out, F8 (Line Drive, 8RM)
Batting: LHB Octávio Ontiveros 0-0: Called Strike
0-1: Swinging Strike
0-2: Foul Ball, location: 2F
0-2: Fielders Choice at 2nd, 6-4 (Groundball, 6)
Bottom of the 4th over - 0 run(s), 1 hit(s), 0 error(s), 0 left on base; Lannister United 1 - Northville 1
TOP OF THE 5TH
Lannister United Lionhearts batting - Pitching for Northville Eclipse : LHP Zalontae Hillary
Batting: RHB Breanainn Swartwood 0-0: Called Strike
0-1: Fly out, F2 (Popup, 23)
Batting: RHB Ron Morton 0-0: Foul Ball, location: 2F
0-1: Foul Ball, location: 2F
0-2: Ball
1-2: Ball
2-2: Ball
3-2: Base on Balls
Batting: RHB Arturo Sánchez 0-0: Ball
1-0: Grounds into double play, 6-4-3 (Groundball, 6)
Top of the 5th over - 0 run(s), 0 hit(s), 0 error(s), 0 left on base; Lannister United 1 - Northville 1
BOTTOM OF THE 5TH
Northville Eclipse batting - Pitching for Lannister United Lionhearts : LHP Won-min Yi
Batting: RHB Alfonso Grappasonni 0-0: Ball
1-0: Swinging Strike
1-1: Foul Ball, location: 2F
1-2: Foul Ball, location: 2F
1-2: Ground out 4-3 (Groundball, 4M)
Batting: RHB Dan Hart 0-0: Ball
1-0: Foul Ball, location: 2F
1-1: Foul Ball, location: 2F
1-2: Fly out, F7 (Line Drive, 7)
Batting: RHB Augusto Rocha 0-0: Ground out 5-3 (Groundball, 5S)
Bottom of the 5th over - 0 run(s), 0 hit(s), 0 error(s), 0 left on base; Lannister United 1 - Northville 1
TOP OF THE 6TH
Lannister United Lionhearts batting - Pitching for Northville Eclipse : LHP Zalontae Hillary
Batting: RHB Rob Berry 0-0: Called Strike
0-1: Ball
1-1: Called Strike
1-2: Ball
2-2: Strikes out swinging
Batting: LHB Steven Mitchell 0-0: Foul Ball, location: 2F
0-1: Ball
1-1: Called Strike
1-2: Strikes out swinging
Batting: RHB Andrés Escobar 0-0: Swinging Strike
0-1: Ball
1-1: Called Strike
1-2: Ground out 4-3 (Groundball, 34)
Top of the 6th over - 0 run(s), 0 hit(s), 0 error(s), 0 left on base; Lannister United 1 - Northville 1
BOTTOM OF THE 6TH
Northville Eclipse batting - Pitching for Lannister United Lionhearts : LHP Won-min Yi
Batting: RHB Cosmo Bjorkenheim 0-0: Fly out, F8 (Flyball, 8RM)
Batting: LHB Koen van den Bogaert 0-0: Ground out 3-1 (Groundball, 34)
Batting: LHB Darrell Woodmansee 0-0: Fly out, F8 (Line Drive, 78M)
Bottom of the 6th over - 0 run(s), 0 hit(s), 0 error(s), 0 left on base; Lannister United 1 - Northville 1
TOP OF THE 7TH
Lannister United Lionhearts batting - Pitching for Northville Eclipse : LHP Zalontae Hillary
Batting: RHB Carlos Pacheco 0-0: Ground out 6-3 (Groundball, 6)
Pinch Hitting: RHB Miguel Uribe 0-0: Ball
1-0: Swinging Strike
1-1: Called Strike
1-2: Ground out 4-3 (Groundball, 4S)
Batting: RHB Howard Barton 0-0: Ball
1-0: Ball
2-0: Swinging Strike
2-1: Ball
3-1: Base on Balls
Pinch Hitting: LHB Colin Worthington 0-0: Swinging Strike
0-1: Swinging Strike
0-2: Ball
1-2: Foul Ball, location: 2F
1-2: Ball
2-2: Foul Ball, location: 2F
2-2: Strikes out swinging
Top of the 7th over - 0 run(s), 0 hit(s), 0 error(s), 1 left on base; Lannister United 1 - Northville 1
BOTTOM OF THE 7TH
Northville Eclipse batting - Pitching for Lannister United Lionhearts : LHP Won-min Yi
Now at 1B: John O'Day
Now at 2B: Curt Johnston
Batting: RHB John Townsend 0-0: Ball
1-0: Called Strike
1-1: Ball
2-1: Swinging Strike
2-2: Strikes out looking
Batting: RHB Dave Shaw 0-0: Foul Ball, location: 2F
0-1: Foul Ball, location: 2F
0-2: Ball
1-2: Ground out 6-3 (Groundball, 6)
Batting: LHB Octávio Ontiveros 0-0: Ground out U3 (Groundball, 3)
Bottom of the 7th over - 0 run(s), 0 hit(s), 0 error(s), 0 left on base; Lannister United 1 - Northville 1
TOP OF THE 8TH
Lannister United Lionhearts batting - Pitching for Northville Eclipse : LHP Zalontae Hillary
Batting: RHB Ron Morton 0-0: Ground out 5-3 (Groundball, 56S)
Batting: RHB Arturo Sánchez 0-0: Ball
1-0: Ball
2-0: Called Strike
2-1: Ball
3-1: Foul Ball, location: 2F
3-2: Base on Balls
Batting: RHB Rob Berry 0-0: Called Strike
0-1: Ball
1-1: Ball
2-1: Ball
3-1: Bunted foul
3-2: Ground out 5-3 (Groundball, 5)
Arturo Sánchez to second
Batting: LHB Steven Mitchell 0-0: Foul Ball, location: 2F
0-1: Called Strike
0-2: Foul Ball, location: 2F
0-2: Strikes out swinging
Top of the 8th over - 0 run(s), 0 hit(s), 0 error(s), 1 left on base; Lannister United 1 - Northville 1
BOTTOM OF THE 8TH
Northville Eclipse batting - Pitching for Lannister United Lionhearts : LHP Won-min Yi
Batting: RHB Alfonso Grappasonni 0-0: Ball
1-0: Called Strike
1-1: Ball
2-1: Foul Ball, location: 2F
2-2: Ball
3-2: DOUBLE (Line Drive, 8LD)
Batting: RHB Dan Hart 0-0: Called Strike
0-1: Ball
1-1: Called Strike
1-2: Ball
2-2: Ground out 5-3 (Groundball, 56S)
Alfonso Grappasonni to third
Batting: RHB Augusto Rocha 0-0: Intentional Walk
Batting: RHB Cosmo Bjorkenheim 0-0: Ball
1-0: Foul Ball, location: 2F
1-1: SINGLE (Groundball, 56)
Alfonso Grappasonni scores
Augusto Rocha to second
Pinch Hitting: RHB Luis Hernández 0-0: Ball
1-0: Ball
2-0: Foul Ball, location: 2F
2-1: Ball
3-1: Base on Balls
Augusto Rocha to third
Cosmo Bjorkenheim to second
Pitching: LHP Yoshida Kudo
Pinch Hitting: RHB José Silva 0-0: SINGLE (Flyball, 78S)
Augusto Rocha scores
Cosmo Bjorkenheim to third
Luis Hernández to second
Runner from 3rd tries for Home, SAFE, throw made at trailing runner, OUT at third!
Batting: RHB John Townsend 0-0: Ball
1-0: Ball
2-0: Ball
3-0: Base on Balls
José Silva to second
Batting: RHB Dave Shaw 0-0: Ball
1-0: Ball
2-0: Called Strike
2-1: Ball
3-1: Ground out 5-3 (Groundball, 25)
Bottom of the 8th over - 3 run(s), 3 hit(s), 0 error(s), 2 left on base; Lannister United 1 - Northville 4
TOP OF THE 9TH
Lannister United Lionhearts batting - Pitching for Northville Eclipse : LHP Zalontae Hillary
Pitching: RHP Rafael Méndez
Now at 1B: King Tracy
Now in CF: José Silva
Batting: RHB Andrés Escobar 0-0: Ball
1-0: Ball
2-0: Foul Ball, location: 2F
2-1: Foul Ball, location: 2F
2-2: Fly out, F8 (Flyball, 8RM)
Batting: RHB Carlos Pacheco 0-0: Called Strike
0-1: Called Strike
0-2: Strikes out swinging
Batting: LHB John O'Day 0-0: Ball
1-0: Called Strike
1-1: Foul Ball, location: 2F
1-2: Foul Ball, location: 2F
1-2: Strikes out swinging
Top of the 9th over - 0 run(s), 0 hit(s), 0 error(s), 0 left on base; Lannister United 1 - Northville 4
Monday, August 28th, 2017 - OOTP Baseball 17.12 Build 75